 Dungeon Crawl Stone Soup version 0.27-a0-1122-g2a214b436d (webtiles) character file.

Game seed: 3175282351490836463

12149 Froggeryz the Brawler (level 11, -13/89 HPs)
             Began as a Grey Draconian Delver on May 3, 2021.
             Mangled by an ice devil (23 damage)
             ... on level 2 of the Lair of Beasts.
             The game lasted 00:18:01 (12894 turns).

Froggeryz the Brawler (Grey Draconian Delver)      Turns: 12894, Time: 00:18:01

Health: -13/89     AC: 17    Str: 23    XL:     11   Next: 58%
Magic:  12/12      EV: 13    Int: 12    God:
Gold:   779        SH:  0    Dex: 18    Spells: 8/12 levels left

rFire    . . .     SeeInvis .     - Unarmed
rCold    . . .     Faith    .   (no shield)
rNeg     . . .     Spirit   .   (armour unavailable)
rPois    .         Reflect  .   (helmet restricted)
rElec    .         Harm     .   s - +1 cloak
rCorr    .         Rampage  .   A - +1 pair of gloves
Will     .....                  K - +0 pair of boots
Stlth    +++.......             r - amulet of regeneration
HPRegen  1.24/turn              y - +6 ring of strength
MPRegen  0.13/turn              x - +6 ring of dexterity

@: slowed, very slow
A: AC +12, unfitting armour, unbreathing 2, cold-blooded
a: no special abilities


You were on level 2 of the Lair of Beasts.
You visited 3 branches of the dungeon, and saw 14 of its levels.

You collected 1019 gold pieces.
You spent 240 gold pieces at shops.

Inventory:

Hand Weapons
 t - the +2 quarterstaff of the Absolute Madman {holy, rF+ Str+3}
   (You found it on level 4 of the Dungeon)

   It has been blessed by the Shining One to cause great damage to the undead
   and demons.
   It affects your strength (+3).
   It protects you from fire.
Missiles
 j - 94 poisoned darts (quivered)
 w - a throwing net
 z - 6 curare-tipped darts
 H - 4 boomerangs of dispersal
Armour
 s - a +1 cloak (worn)
 A - a +1 pair of gloves (worn)
 E - a +0 kite shield
 K - a +0 pair of boots (worn)
Jewellery
 o - a ring of positive energy
 r - an amulet of regeneration (around neck)
 x - a +6 ring of dexterity (right hand)
 y - a +6 ring of strength (left hand)
Wands
 e - a wand of digging (3)
 g - a wand of acid (13)
 J - a wand of flame (13)
Scrolls
 a - 3 scrolls of fog
 b - 3 scrolls of magic mapping
 c - a scroll of fear
 k - 5 scrolls of teleportation
 m - 6 scrolls of enchant weapon
 n - 4 scrolls of enchant armour
 p - 3 scrolls of noise
 C - 3 scrolls of identify
 D - 4 scrolls of vulnerability
 I - a scroll of torment {unknown}
 L - a scroll of brand weapon {unknown}
Potions
 d - 3 potions of haste
 f - 4 potions of curing
 i - a potion of heal wounds {unknown}
 l - 4 potions of flight
 q - 2 potions of mutation
 u - a potion of lignification {unknown}
 v - 3 potions of attraction
 B - 2 potions of might
 F - a potion of ambrosia
 G - 3 potions of brilliance


   Skills:
 - Level 6.0 Fighting
 - Level 3.0 Dodging
 - Level 4.5 Stealth
 + Level 7.6 Shields
 + Level 15.3 Unarmed Combat
 - Level 1.2 Spellcasting


You had 8 spell levels left.
You knew the following spells:

 Your Spells              Type           Power      Damage    Failure   Level
a - Petrify               Tmut/Erth      0%         N/A       96%         4

Your spell library contained the following spells:

 Spells                   Type           Power      Damage    Failure   Level
 Corona                   Hex            0%         N/A       30%         1
 Magic Dart               Conj           0%         1d3       30%         1
 Summon Small Mammal      Summ           0%         N/A       30%         1
 Call Imp                 Summ           0%         N/A       41%         2
 Ensorcelled Hibernation  Hex/Ice        0%         N/A       41%         2
 Poisonous Vapours        Pois/Air       0%         N/A       41%         2
 Searing Ray              Conj           0%         3d3       41%         2
 Call Canine Familiar     Summ           0%         N/A       65%         3
 Confusing Touch          Hex            0%         N/A       65%         3
 Conjure Flame            Conj/Fire      0%         6-21      65%         3
 Dazzling Flash           Conj/Hex       0%         N/A       65%         3
 Gell's Gravitas          Tloc           0%         N/A       65%         3
 Mephitic Cloud           Conj/Pois/Air  0%         N/A       65%         3
 Summon Guardian Golem    Hex/Summ       0%         N/A       65%         3
 Tukima's Dance           Hex            0%         N/A       65%         3
 Fulminant Prism          Conj/Hex       0%         3d6       96%         4
 Iskenderun's Mystic Bla  Conj/Tloc      0%         2d3       96%         4
 Summon Ice Beast         Ice/Summ       0%         N/A       96%         4
 Summon Lightning Spire   Summ/Air       0%         N/A       96%         4
 Bolt of Magma            Conj/Fire/Erth 0%         4d4       100%        5
 Iskenderun's Battlesphe  Conj           0%         2d6       100%        5
 Metabolic Englaciation   Hex/Ice        0%         N/A       100%        5
 Silence                  Hex/Air        0%         N/A       100%        5
 Yara's Violent Unravell  Hex/Tmut       0%         3d3       100%        5
 Conjure Ball Lightning   Conj/Air       0%         3x3d6     100%        6
 Freezing Cloud           Conj/Ice/Air   0%         6-21      100%        6
 Iron Shot                Conj/Erth      0%         9d1       100%        6
 Orb of Destruction       Conj           0%         N/A       100%        7
 Spellforged Servitor     Conj/Summ      0%         N/A       100%        7
 Tornado                  Air            0%         N/A       100%        9


Dungeon Overview and Level Annotations

Branches:
Dungeon (11/15)            Temple (1/1) D:7            Lair (2/6) D:11
  Snake (0/4) Lair:2          Orc (0/2) D:11
  Swamp: Lair:2-4    Shoals: Lair:2-4

Altars:
Ashenzari
Cheibriados
Dithmenos
Elyvilon
Fedhas
Gozag
Hepliaklqana
Kikubaaqudgha
Makhleb
Nemelex Xobeh
Okawaru
Qazlal
Ru
Sif Muna
Trog
Uskayaw
Vehumet
Wu Jian
Xom
Yredelemnul
Zin
The Shining One

Shops:
D:1 ?   D:6 [   D:8 !

Portals:
Ice
Cave: Lair:2

Annotations:
D:7 1 runed translucent door, milododd's ghost, novice TrMo
Lair:1 1 runed translucent door, exclusion: 3 oklob plants, Siusathri's ghost, journeyman HOFi


Innate Abilities, Weirdness & Mutations

Your dull iron-grey scales are very hard. (AC +12)
You cannot fit into any form of body armour.
You can survive without breathing, even under water.
You are cold-blooded and may be slowed by cold attacks.


Message History

You punch the ice devil, but do no damage.
The ice devil is heavily wounded.
The ice devil barely misses you. The wolf bites you but does no damage.
The wolf stops to sniff the ground.
You hit the ice devil but do no damage.
Your tail-slap misses the ice devil.
The ice devil is heavily wounded.
The wolf completely misses you. The wolf bites you but does no damage.
The ice devil hits you. The ice devil freezes you!
You feel yourself slow down. The wolf bites you.
You closely miss the ice devil.
You punch the ice devil, but do no damage.
The ice devil is heavily wounded.
The wolf bites you but does no damage. The wolf bites you.
The wolf barely misses you.
The ice devil hits you but does no damage.
You hit the ice devil. You tail-slap the ice devil.
The ice devil is severely wounded.
You feel yourself speed up. The wolf misses you.
The wolf bites you but does no damage. x2
The ice devil hits you! The ice devil freezes you!!
You feel yourself slow down.
* * * LOW HITPOINT WARNING * * *
The wolf barely misses you.
Okay, then.
Okay, then.
Unknown command.
Okay, then.
Unknown command.
Okay, then.
Unknown command.
As you read the scroll labelled DYOTY VUUMP, it crumbles to dust.
The creatures around you are filled with an inner flame!
It was a scroll of immolation.
The wolf closely misses you. The wolf barely misses you. The wolf bites you.
* * * LOW HITPOINT WARNING * * *
The wolf barely misses you. The ice devil hits you.
* * * LOW HITPOINT WARNING * * *
The ice devil freezes you!!
You feel as though you will be slow longer.
You die...

♣ ### .## ...♣.♣#P# ..#
.>..FNhh# ..#### .≈ ... #@#
..#..# ≈.♣♣.♣ #4#######.$..##
....≈ #SN#.#.#.##.+.### .
...≈ ##N...............
..#####h####.#.#.............
#
...........).#...............
##
.......?..S..'.+............$
.+
....)...S......#.............
.#
...$.........P##.............


You could see an ice devil (inner flame), a cane toad, a water moccasin (inner
flame), 3 nagas and 2 wolves.

Vanquished Creatures
  A two-headed ogre (D:9)
  Sonja (D:10)
  2 cyclopes (D:11)
  A black mamba (Lair:1)
  A cane toad (Lair:1)
  2 unseen horrors
  5 komodo dragons (Lair:1)
  Psyche (D:10)
  A slime creature (D:7)
  A shadow (D:9)
  A wraith (D:10)
  A basilisk (Lair:1)
  9 yaks
  Edmund (D:6)
  5 water moccasins
  Duvessa (D:6)
  3 orc warriors
  3 black bears
  8 wolves
  An ogre (D:7)
  4 centaurs
  4 kobold brigands
  3 wyvern zombies
  Dowan (D:6)
  7 bullfrogs
  4 scorpions
  8 killer bees
  2 electric eels (Lair:1)
  5 howler monkeys
  3 centaur zombies
  3 hounds
  4 jellies (D:7)
  Crazy Yiuf (D:6)
  2 gnoll shamans
  3 orc priests
  A centaur skeleton (D:7)
  2 iguanas
  4 orc wizards
  A howler monkey zombie (D:10)
  Robin (D:3)
  13 gnolls
  A howler monkey skeleton (D:7)
  8 adders
  A white imp (D:6)
  2 adder skeletons (D:4)
  4 dart slugs
  21 orcs
  3 bats
  10 endoplasms
  A giant cockroach (D:1)
  15 goblins
  9 hobgoblins
  8 jackals
  16 kobolds
  3 quokkas
  4 ball pythons
  4 frilled lizards
  A quokka skeleton (D:3)
  6 rats
242 creatures vanquished.

Vanquished Creatures (others)
  24 fungi
  72 plants
  5 toadstools (D:7)
101 creatures vanquished.

Grand Total: 343 creatures vanquished

Notes
Turn   | Place    | Note
-------+----------+-------------------------------------------
     0 | D:5      | Froggeryz the Draconian Delver began the quest for the Orb.
     0 | D:5      | Reached XP level 1. HP: 19/19 MP: 1/1
    50 | D:5      | Noticed a water moccasin
   520 | D:1      | Reached XP level 2. HP: 11/26 MP: 2/2
   852 | D:1      | Reached skill level 3 in Unarmed Combat
  1213 | D:1      | Found Myrphyck's Magic Scroll Boutique.
  1228 | D:1      | Bought a scroll of teleportation for 36 gold pieces
  1228 | D:1      | Bought a scroll of fog for 24 gold pieces
  1565 | D:2      | Reached XP level 3. HP: 29/31 MP: 3/3
  1899 | D:2      | Reached skill level 4 in Unarmed Combat
  2422 | D:2      | Found a faded altar of an unknown god.
  2851 | D:3      | Reached XP level 4. HP: 33/38 MP: 4/4
  2902 | D:3      | Noticed Robin
  3214 | D:3      | Killed Robin
  3215 | D:3      | Reached skill level 5 in Unarmed Combat
  3748 | D:3      | Reached XP level 5. HP: 40/45 MP: 5/5
  3922 | D:3      | Noticed a necrophage
  4532 | D:4      | Reached skill level 6 in Unarmed Combat
  4855 | D:4      | Reached XP level 6. HP: 51/51 MP: 6/6
  4933 | D:4      | Identified the +2 quarterstaff of the Absolute Madman
                  | {holy, rF+ Str+3}
  5132 | D:5      | Killed a water moccasin
  5416 | D:5      | Reached skill level 7 in Unarmed Combat
  5500 | D:5      | Your scales start taking on a dull iron-grey colour.
  5500 | D:5      | Reached XP level 7. HP: 48/57 MP: 7/7
  5500 | D:5      | Gained mutation: You can survive without breathing. [Grey
                  | Draconian growth]
  5500 | D:5      | Gained mutation: You can survive without breathing, even
                  | under water. [Grey Draconian growth]
  6415 | D:6      | Found a runed translucent door.
  6416 | D:6      | Noticed Crazy Yiuf
  6662 | D:6      | Reached skill level 1 in Spellcasting
  6776 | D:6      | Noticed Duvessa
  6777 | D:6      | Found Coxanut's Armour Shop.
  6777 | D:6      | Noticed Dowan
  6827 | D:6      | Killed Duvessa
  6828 | D:6      | Reached skill level 8 in Unarmed Combat
  6834 | D:6      | Killed Dowan
  6887 | D:6      | Noticed Edmund
  6949 | D:6      | Killed Edmund
  6950 | D:6      | Reached skill level 9 in Unarmed Combat
  6950 | D:6      | Reached XP level 8. HP: 37/63 MP: 9/9
  7397 | D:6      | Killed Crazy Yiuf
  7593 | D:7      | Reached skill level 10 in Unarmed Combat
  7643 | D:7      | Noticed a slime creature
  7700 | D:7      | Killed a slime creature
  7872 | D:7      | Found a runed translucent door.
  7873 | D:7      | Found a shimmering altar of Xom.
  7873 | D:7      | Noticed milododd's ghost (novice TrMo)
  7873 | D:7      | Noticed a +2 rapier of chaos
  7916 | D:7      | Reached skill level 11 in Unarmed Combat
  7961 | D:7      | Identified the +5 scale mail of the Known World {Fly Str+4
                  | Dex+4}
  8015 | D:7      | Reached XP level 9. HP: 70/70 MP: 10/10
  8022 | D:7      | Found a staircase to the Ecumenical Temple.
  8051 | Temple   | Entered the Ecumenical Temple
  8717 | D:8      | Reached skill level 12 in Unarmed Combat
  8752 | D:8      | Found a sparkling altar of Nemelex Xobeh.
  8752 | D:8      | Found a shadowy altar of Dithmenos.
  8753 | D:8      | Found a hide-covered altar of Uskayaw.
  8955 | D:8      | Reached skill level 1 in Shields
  9075 | D:8      | Found Liaja's Distillery.
  9079 | D:8      | Bought a potion of curing for 36 gold pieces
  9079 | D:8      | Bought a potion of mutation for 96 gold pieces
  9090 | D:8      | Bought a potion of might for 48 gold pieces
  9612 | D:9      | Learned a level 4 spell: Petrify
  9822 | D:9      | Noticed a two-headed ogre
 10266 | D:9      | Found a glowing silver altar of Zin.
 10266 | D:9      | Noticed an angel
 10344 | D:9      | Killed a two-headed ogre
 10345 | D:9      | Reached skill level 5 in Fighting
 10345 | D:9      | Reached skill level 13 in Unarmed Combat
 10345 | D:9      | Reached XP level 10. HP: 81/81 MP: 11/11
 10432 | D:10     | Entered Level 10 of the Dungeon
 10548 | D:10     | Noticed Psyche
 10560 | D:10     | Killed Psyche
 10639 | D:10     | Noticed Sonja
 10645 | D:10     | Killed Sonja
 10820 | D:10     | Noticed a manticore
 11149 | D:11     | Noticed a cyclops
 11153 | D:11     | Killed a cyclops
 11189 | D:10     | Reached skill level 5 in Shields
 11189 | D:10     | Reached skill level 14 in Unarmed Combat
 11238 | D:11     | Reached XP level 11. HP: 74/89 MP: 12/12
 11277 | D:11     | Found a staircase to the Lair.
 11298 | D:11     | Found a staircase to the Orcish Mines.
 11875 | Lair:1   | Entered Level 1 of the Lair of Beasts
 12092 | Lair:1   | Reached skill level 15 in Unarmed Combat
 12164 | Lair:1   | Noticed Siusathri's ghost (journeyman HOFi)
 12168 | Lair:1   | Found a runed translucent door.
 12502 | Lair:1   | Noticed an oklob plant
 12502 | Lair:1   | Noticed an oklob plant
 12503 | Lair:1   | Noticed an oklob plant
 12855 | Lair:2   | Found a frozen archway.
 12881 | Lair:2   | Found a staircase to the Snake Pit.
 12894 | Lair:2   | Mangled by an ice devil

Illustrated notes

Levels and vault maps discovered:
D:1:      dpeg_arrival_erosion, layout_loops_ring, serial_shops, shop_statue,
          hangedman_decor_growths
D:2:      layout_basic, hellmonk_ecumenical_altar_heavens_door
D:3:      minmay_recursive_quarters, layout_basic, uniq_robin
D:4:      layout_basic
D:5:      layout_loops_ring, kennysheep_generic_room_9
D:6:      layout_loops_corners, serial_shops, shop_coins, uniq_duvessa,
          uniq_crazy_yiuf_cottage, uniq_edmund
D:7:      cheibrodos_fertilizer, layout_basic,
          minmay_temple_entry_statues_fountains, ebering_ghost_xom,
          hangedman_abyss_or_decor_stagger
D:8:      layout_basic, gammafunk_temple_overflow_claw, serial_shops,
          kennysheep_mini
D:9:      layout_long_grid, zin_angel, kennysheep_decorative_pillar,
          serial_park_tiny_1, supply_closet_lemuel
D:10:     layout_irregular_city, skrybe_limestone_x,
          onia_ninara_dug_in_and_dangerous, uniq_sonja, uniq_psyche
D:11:     layout_irregular_city, due_lair_maze_entry_diamond
Temple:   hc_temple_tempest_star
Lair:1:   layout_regular_city, hellmonk_ghost_happy_afterlife,
          beast_lair_carwin_11, serial_bayou_shore_a, grunt_megastairs_3,
          serial_bayou_shore_b, minmay_lair_oklob_chamber, lemuel_fruit_fields
Lair:2:   layout_roguey, guppyfry_snake_entry_garden,
          nicolae_volcano_entry_batcave, portal_ice_cave_demonic_guard,
          serial_bayou_lake_a

Skill      XL: |  1  2  3  4  5  6  7  8  9 10 11 |
---------------+----------------------------------+-----
Unarmed Combat | 3 4 5 6 7 9 11 13 14 15 | 15.3
Dodging        | 2 3 |  3.0
Spellcasting   | 1 |  1.2
Shields        | 3 5 7 |  7.6
Fighting       | 5 6 |  6.0
Stealth        | |  4.5

Action                   |  1- 3 |  4- 6 |  7- 9 | 10-12 || total
-------------------------+-------+-------+-------+-------++-------
Melee: Unarmed           |   184 |   192 |   339 |   273 ||   988
       Tailslap          |    23 |    23 |    58 |    39 ||   143
       Punch             |     1 |     2 |    28 |    22 ||    53
Throw: Dart              |       |       |     8 |       ||     8
Evoke: Wand              |       |       |     4 |     9 ||    13
  Use: Scroll            |       |       |    10 |     1 ||    11
       Potion            |       |       |     1 |       ||     1
 Stab: Sleeping          |    13 |    10 |     4 |     2 ||    29
Armor: Skin              |    53 |    53 |   145 |   165 ||   416
Dodge: Dodged            |    85 |   117 |   159 |   193 ||   554

Table legend: (Time is in decaauts)
 A = Elapsed time spent in this place.
 B = Non-inter-level travel time spent in this place.
 C = Inter-level travel time spent in this place.
 D = Time resting spent in this place.
 E = Time spent auto-exploring this place.
 F = Levels seen in this place.
 G = Mean time per level.
                   A        B        C        D        E       F      G
               +--------+--------+--------+--------+--------+-----+--------+
         Total |  12701 |  12361 |    340 |   1404 |   8588 |  14 |  907.2 |
       Dungeon |  11596 |  11280 |    316 |   1373 |   7820 |  11 | 1054.2 |
        Temple |    114 |    103 |     11 |      0 |    102 |   1 |  114.0 |
          Lair |    990 |    977 |     13 |     31 |    666 |   2 |  495.0 |
               +--------+--------+--------+--------+--------+-----+--------+

Top non-repeatable levels by time:
     D:3: 1806 daAuts
     D:1: 1376 daAuts
     D:6: 1352 daAuts
     D:2: 1336 daAuts
     D:5: 1056 daAuts
     D:7: 1009 daAuts
     D:8: 885 daAuts
  Lair:1: 869 daAuts
     D:9: 862 daAuts
    D:10: 716 daAuts
    D:11: 666 daAuts
     D:4: 528 daAuts
  Lair:2: 120 daAuts
  Temple: 114 daAuts
